 Dungeon Crawl Stone Soup version 0.23.0 (webtiles) character file.

Game seed: 14508900938849973727

85 tidbits the Charmwright (level 4, 34/38 HPs)
             Began as a Gnoll Skald on Feb 11, 2019.
             Quit the game on level 2 of the Dungeon.
             The game lasted 00:04:45 (437 turns).

tidbits the Charmwright (Gnoll Skald)                Turns: 437, Time: 00:04:46

Health: 34/38      AC:  6    Str: 13    XL:     4   Next: 48%
Magic:  4/11       EV: 15    Int: 12    God:
Gold:   103        SH:  0    Dex: 19    Spells: 2/13 levels left

rFire    . . .     SeeInvis .   a - +0 spear
rCold    . . .     Gourm    .   (no shield)
rNeg     . . .     Faith    .   b - +0 leather armour
rPois    .         Spirit   .   E - +1 helmet
rElec    .         Reflect  .   (no cloak)
rCorr    .         Harm     .   G - +0 pair of gloves
MR       .....                  (no boots)
Stlth    ++........             (no amulet)
HPRegen  0.12/turn              l - -4 ring of intelligence (curse)
MPRegen  0.12/turn              k - +4 ring of dexterity

@: singing
A: distributed training, fangs 1, strong nose
a: no special abilities


You were on level 2 of the Dungeon.
You were full.

You visited 1 branch of the dungeon, and saw 3 of its levels.

You collected 103 gold pieces.

Inventory:

Hand Weapons
 a - a +0 spear (weapon)
Missiles
 g - 2 throwing nets (quivered) {!f}
Armour
 b - a +0 leather armour (worn)
 E - a +1 helmet (worn)
 G - a +0 pair of gloves (worn)
Jewellery
 i - a +3 ring of dexterity
   (You found it on level 2 of the Dungeon)
 k - a +4 ring of dexterity (right hand)
   (You found it on level 2 of the Dungeon)
 l - a cursed -4 ring of intelligence (left hand)
   (You found it on level 1 of the Dungeon)
Scrolls
 c - a scroll of enchant weapon {unknown}
Comestibles
 d - 4 rations


   Skills:
 + Level 4.6 Fighting
 + Level 1.1 Short Blades
 + Level 1.1 Long Blades
 + Level 1.1 Axes
 + Level 1.1 Maces & Flails
 + Level 4.6 Polearms
 + Level 1.1 Staves
 + Level 1.1 Slings
 + Level 1.1 Bows
 + Level 1.1 Crossbows
 + Level 1.1 Throwing
 + Level 2.7 Armour
 + Level 4.6 Dodging
 + Level 1.1 Stealth
 + Level 1.1 Shields
 + Level 1.1 Unarmed Combat
 + Level 5.1 Spellcasting
 + Level 0.9 Conjurations
 + Level 0.9 Hexes
 + Level 5.4 Charms
 + Level 0.9 Summonings
 + Level 0.9 Necromancy
 + Level 0.9 Translocations
 + Level 0.9 Transmutations
 + Level 0.9 Fire Magic
 + Level 0.9 Ice Magic
 + Level 0.9 Air Magic
 + Level 0.9 Earth Magic
 + Level 0.9 Poison Magic
 + Level 1.2 Invocations
 + Level 1.1 Evocations


You had 2 spell levels left.
You knew the following spells:

 Your Spells              Type           Power        Failure   Level  Hunger
g - Shroud of Golubria    Chrm/Tloc      ##........   11%         2    ##.....
i - Infusion              Chrm           ###.         2%          1    None
r - Regeneration          Chrm/Necr      ##........   21%         3    ###....
w - Spectral Weapon       Hex/Chrm       ##......     21%         3    ###....
y - Song of Slaying       Chrm           ###.....     4%          2    ##.....

Your spell library contained the following spells:

 Spells                   Type           Power        Failure   Level  Hunger


Dungeon Overview and Level Annotations

Branches:
Dungeon (3/15)

Altars:
Ashenzari


Innate Abilities, Weirdness & Mutations

Your experience applies equally to all skills.
You have very sharp teeth.
Your uncanny sense of smell can sniff out nearby items.


Message History

The helpless bat fails to defend itself.
You hit the bat.
You kill the bat!
You see here a scroll labeled DERCHA EZUAK.
As you read the scroll labeled DERCHA EZUAK, it crumbles to dust.
It is a scroll of identify.
You don't have any unidentified items.
Your spectral weapon fades away.
Found a scale mail.
A kobold comes into view. It is wielding a +0 club.
The kobold shouts!
A rat comes into view.
Unknown command.
Casting: Spectral Weapon (safe; 21% risk of failure)
Confirm with . or Enter, or press ? or * to list all spells.
You draw out your weapon's spirit!
Unknown command.
Unknown command.
You hit the kobold but do no damage.
Your spectral weapon barely misses the kobold.
The kobold barely misses you.
You hit the kobold but do no damage. You bite the kobold.
The kobold is moderately wounded.
Your spectral weapon hits the kobold but does no damage.
The kobold hits you with a +0 club.
You closely miss the kobold.
The kobold is moderately wounded.
Your spectral weapon closely misses the kobold.
The kobold misses you. The rat misses you.
You closely miss the kobold.
The kobold is moderately wounded.
Your spectral weapon closely misses the kobold.
Your magical contamination has completely faded away.
You hit the kobold.
You kill the kobold!
The rat misses you.
You completely miss the rat.
Your spectral weapon hits the rat.
You kill the rat!
No target in view!
No target in view!
Unknown command.
Found 16 gold pieces.
Unknown command.
A jackal and a worm come into view.
The worm moves out of view.
You see here 16 gold pieces.
You now have 103 gold pieces (gained 16).
You swap places.
Your spectral weapon fades away.
Found a ration and a scroll labeled AWKOS JO NOWK.
You see here a scroll labeled AWKOS JO NOWK.
c - a scroll labeled AWKOS JO NOWK You open the door.
An orc comes into view.
The orc shouts!
You hear a shout!
An orc wizard comes into view. It is wielding a +0 dagger.
Found 12 bolts.
There is an open door here.
An orc priest comes into view. It is wielding a +0 flail.
The orc priest shouts!
A bat comes into view.
An orc priest comes into view. It is wielding a +0 whip.
Found a tourmaline ring.
Unknown command.
Unknown command.
There is an open door here.
Found a stone staircase leading up.
Found a stone staircase leading down.
Unknown command.
Casting: Spectral Weapon (safe; 21% risk of failure)
Confirm with . or Enter, or press ? or * to list all spells.
You start singing a song of slaying.
The orc barely misses you.
Casting: Song of Slaying (safe; 4% risk of failure)
Confirm with . or Enter, or press ? or * to list all spells.
You draw out your weapon's spirit!
The orc closely misses you.
You closely miss the orc. You bite the orc.
The orc is lightly wounded.
Your spectral weapon barely misses the orc.
The orc hits you.
You hit the orc.
The orc is severely wounded.
Your spectral weapon hits the orc from afar.
You kill the orc!
The bat barely misses you.
You hit the bat.
The bat is severely wounded.
Your spectral weapon completely misses the bat.
The bat barely misses you.
The orc wizard mumbles some strange words.
The orc wizard flickers and vanishes!
You hit the bat.
You kill the bat!
Quiver which item? (- for none, * to show all) (? for menu, Esc to quit)
Okay, then.
You see here an orc corpse.
Unknown command.
You hit something.
You hear some strange, mumbled words.
Something tries to affect you, but you resist.
Are you sure you want to abandon this character and quit the game? (Confirm with "yes".)

#§.§##.....# #.....#.(
#§.........# #..#.##.#
#....#......# #..#.##.#
####.#....#.# #..#....######
#.⌠#......#..##..###%.......
...#....####.##..###........
..####..# .##.oo.b........
......#.# .###.###.......=
..'...#.# #@# #...oo...
..#...#.# #(# #........
..#####.## #.# #........
...#.....# #.# #........
..⌠#.....# ..# ##+######
.###.....# ..< .........#
#..# #........# ##>#
#........# ...


You could see 2 orc priests and a friendly spectral +0 spear.

Vanquished Creatures
  A worker ant (D:2)
  An adder (D:2)
  3 gnolls (D:2)
  A worm (D:2)
  An orc (D:2)
  5 bats
  4 giant cockroaches (D:1)
  2 goblins (D:1)
  A frilled lizard (D:2)
  2 kobolds
  4 rats
25 creatures vanquished.

Notes
Turn   | Place    | Note
-------+----------+-------------------------------------------
     0 | D:1      | tidbits the Gnoll Skald began the quest for the Orb.
     0 | D:1      | Reached XP level 1. HP: 20/20 MP: 6/6
    67 | D:1      | Reached XP level 2. HP: 20/26 MP: 3/7
    72 | D:1      | Learned a level 2 spell: Song of Slaying
    75 | D:1      | Learned a level 2 spell: Shroud of Golubria
   154 | D:2      | Reached skill level 5 in Spellcasting
   154 | D:2      | Reached XP level 3. HP: 17/31 MP: 2/9
   164 | D:2      | Learned a level 3 spell: Regeneration
   168 | D:2      | Learned a level 3 spell: Spectral Weapon
   185 | D:2      | Found a shattered altar of Ashenzari.
   191 | D:2      | Reached skill level 1 in Invocations
   255 | D:2      | Reached skill level 1 in Short Blades
   255 | D:2      | Reached skill level 1 in Long Blades
   255 | D:2      | Reached skill level 1 in Axes
   255 | D:2      | Reached skill level 1 in Maces & Flails
   255 | D:2      | Reached skill level 1 in Staves
   255 | D:2      | Reached skill level 1 in Slings
   255 | D:2      | Reached skill level 1 in Bows
   255 | D:2      | Reached skill level 1 in Crossbows
   255 | D:2      | Reached skill level 1 in Throwing
   255 | D:2      | Reached skill level 1 in Stealth
   255 | D:2      | Reached skill level 1 in Shields
   255 | D:2      | Reached skill level 1 in Unarmed Combat
   255 | D:2      | Reached skill level 1 in Evocations
   255 | D:2      | Reached XP level 4. HP: 16/38 MP: 6/11
   437 | D:2      | Quit the game

Skill      XL: |  1  2  3 |
---------------+----------+-----
Spellcasting   | 5 |  5.1
Invocations    | 1 |  1.2
Short Blades   | 1 |  1.1
Long Blades    | 1 |  1.1
Axes           | 1 |  1.1
Maces & Flails | 1 |  1.1
Staves         | 1 |  1.1
Slings         | 1 |  1.1
Bows           | 1 |  1.1
Crossbows      | 1 |  1.1
Throwing       | 1 |  1.1
Stealth        | 1 |  1.1
Shields        | 1 |  1.1
Unarmed Combat | 1 |  1.1
Evocations     | 1 |  1.1
Fighting       | |  4.6
Polearms       | |  4.6
Armour         | |  2.7
Dodging        | |  4.6
Conjurations   | |  0.9
Hexes          | |  0.9
Charms         | |  5.4
Summonings     | |  0.9
Necromancy     | |  0.9
Translocations | |  0.9
Transmutations | |  0.9
Fire Magic     | |  0.9
Ice Magic      | |  0.9
Air Magic      | |  0.9
Earth Magic    | |  0.9
Poison Magic   | |  0.9

Action                   |  1- 3 |  4- 6 || total
-------------------------+-------+-------++-------
Melee: Spear             |    53 |    22 ||    75
       Bite              |     5 |     4 ||     9
 Cast: Infusion          |     4 |       ||     4
       Shroud of Golubri |     2 |       ||     2
       Song of Slaying   |     1 |     1 ||     2
       Spectral Weapon   |     2 |     5 ||     7
       Regeneration      |       |     2 ||     2
  Use: Scroll            |       |     6 ||     6
 Stab: Sleeping          |     1 |     1 ||     2
  Eat: Ration            |     1 |       ||     1
Armor: Leather armour    |     5 |     1 ||     6
Dodge: Dodged            |    30 |    10 ||    40

Table legend:
 A = Turns spent in this place as a percentage of turns spent in the entire game.
 B = Non-inter-level travel turns spent in this place as a percentage of non-inter-level travel turns spent in the entire game.
 C = Inter-level travel turns spent in this place as a percentage of turns spent in this place.
 D = Turns resting spent in this place as a percentage of non-inter-level travel turns spent in this place.
 E = Turns spent auto-exploring this place as a percentage of non-inter-level travel turns spent in this place.
 F = Non-inter-level travel turns spent in this place divided by the number of levels of this place that you've seen.
                   A       B       C       D       E      F
               +-------+-------+-------+-------+-------+----------------------
         Total | 100.0 | 100.0 |   0.0 |   0.0 |   0.0 | 145.7
       Dungeon | 100.0 | 100.0 |   0.0 |   0.0 |   0.0 | 145.7
               +-------+-------+-------+-------+-------+----------------------

Table legend:
 A = Kills in this place as a percentage of kills in entire the game.
 B = Kills by you in this place as a percentage of kills by you in the entire game.
 C = Kills by friends in this place as a percentage of kills by friends in the entire game.
 D = Other kills in this place as a percentage of other kills in the entire game.
 E = Experience gained in this place as a percentage of experience gained in the entire game.
 F = Experience gained in this place divided by the number of levels of this place that you have seen.
                   A       B       C       D       E      F
               +-------+-------+-------+-------+-------+----------------------
         Total | 100.0 | 100.0 |   N/A |   N/A | 100.0 |  40.7
       Dungeon | 100.0 | 100.0 |   N/A |   N/A | 100.0 |  40.7
               +-------+-------+-------+-------+-------+----------------------

Levels and vault maps discovered:
D:1:      dpeg_arrival_boxorama, layout_basic, ebering_dispersal_statue_hall
D:2:      layout_basic, evilmike_ruin_ashenzari
D:3:      layout_rooms, first_ration, uniq_crazy_yiuf_cottage
